 Dungeon Crawl Stone Soup version 0.31-a0-662-g684573625c (webtiles) character file.

Game seed: 4560194078891004424

1855743 Xenophilius the Conqueror (level 27, 323/323 HPs)
             Began as an Ogre Berserker on Aug 31, 2023.
             Was the Champion of Trog.
             Escaped with the Orb
             ... and 4 runes on Sept 1, 2023!
             The game lasted 08:15:28 (108946 turns).

Xenophilius the Conqueror (Ogre Berserker)        Turns: 108946, Time: 08:15:29

Health: 323/323    AC: 49    Str: 37    XL:     27
Magic:  11/20      EV: 19    Int:  8    God:    Trog [******]
Gold:   4265       SH: 22    Dex: 10    Spells: 26/26 levels left

rFire   + + +        a - +7 demon trident (elec)
rCold   + + +        v - +2 shield of Resistance {rF++ rC++ Will++}
rNeg    . . .        L - +12 gold dragon scales
rPois   +            K - +2 hood of the Assassin {Detect Stab+ Stlth++}
rElec   .            E - +1 cloak of Starlight {*Dazzle EV+4 Stlth--}
rCorr   .            (gloves unavailable)
SInv    .            (boots unavailable)
Will    ++++.        M - amulet of reflection Stlth
                     S - ring of the Tortoise {AC+8, =R}
HPRegen 0.73/turn    F - +5 ring of evasion
MPRegen 0.17/turn

%: reflection, clarity
@: studying Axes
A: large, unfitting armour, tough skin 1, clarity, deterioration 1, low MP 1,
sense surroundings 1, teleportitis 1
0: Orb of Zot
}: 4/15 runes: decaying, serpentine, slimy, silver
a: Renounce Religion, Berserk, Trog's Hand, Brothers in Arms


You escaped.
You worshipped Trog.
Trog was exalted by your worship.
You visited 11 branches of the dungeon, and saw 55 of its levels.
You visited 1 bazaar.
You also visited: Bailey and Volcano.

You collected 10766 gold pieces.
You spent 6501 gold pieces at shops.

Inventory:

Hand Weapons
 a - a +7 demon trident of electrocution (weapon)
 b - a +9 antimagic demon trident
Missiles
 t - 60 large rocks
 u - 25 javelins
 x - 26 boomerangs
 A - 24 atropa-tipped darts
 B - 9 curare-tipped darts
 J - 13 throwing nets (quivered)
 O - 4 silver javelins
Armour
 v - the +2 shield of Resistance (worn) {rF++ rC++ Will++}
   (You took it off a hell knight on level 3 of the Depths)

   rF++:      It greatly protects you from fire.
   rC++:      It greatly protects you from cold.
   Will++:    It greatly increases your willpower.
 E - the +1 cloak of Starlight (worn) {*Dazzle EV+4 Stlth--}
   (You found it on level 5 of the Pits of Slime)

   *Dazzle:   It may blind those who miss an attack against the wearer in melee
   combat.
   EV+4:      It affects your evasion (+4).
   Stlth--:   It makes you much less stealthy.
 K - the +2 hood of the Assassin (worn) {Detect Stab+ Stlth++}
   (You found it on level 4 of the Vaults)

   Detect:    It allows the wearer to sense nearby creatures.
   Stab+:     It allows the wearer to make particularly effective stabbing
   attacks against helpless or unaware enemies with any weapon.
   Stlth++:   It makes you much more stealthy.
 L - +12 gold dragon scales (worn)
Jewellery
 l - the ring of Kovatel {Fly MP+9 Int+3 SInv}
   (You took it off a tengu conjurer on level 1 of the Depths)

   [ring of see invisible]

   Int+3:     It affects your intelligence (+3).
   MP+9:      It affects your magic capacity (+9).
   SInv:      It lets you see invisible.
   Fly:       It grants you flight.
 F - a +5 ring of evasion (right hand)
 M - an amulet of reflection (around neck)
 S - the ring of the Tortoise (left hand) {AC+8, =R}
   (You found it on level 5 of the Lair of Beasts)

   [ring of protection]

   AC+8:      It affects your AC (+8).
 Z - the ring of Panentheism {Fly rElec}
   (You found it on level 3 of the Realm of Zot)

   [ring of flight]

   rElec:     It insulates you from electricity.
   Fly:       It grants you flight.
Wands
 f - a wand of roots (78)
 j - a wand of mindburst (53)
 H - a wand of quicksilver (56)
 R - a wand of digging (13)
 U - a wand of flame (116)
 X - a wand of charming (59)
Scrolls
 g - 12 scrolls of fog
 h - 26 scrolls of teleportation
 i - 2 scrolls of revelation
 k - 9 scrolls of blinking
 w - 11 scrolls of vulnerability
 y - 6 scrolls of butterflies
 z - 12 scrolls of poison
 C - 5 scrolls of fear
 I - 3 scrolls of silence
 T - 5 scrolls of immolation
Potions
 c - 22 potions of curing
 d - 4 potions of ambrosia
 e - 6 potions of magic
 n - a potion of lignification
 o - 11 potions of enlightenment
 p - 6 potions of cancellation
 q - 5 potions of berserk rage
 s - a potion of might
 G - 13 potions of heal wounds
 N - 6 potions of haste
 P - 2 potions of invisibility
 Q - 5 potions of resistance
 V - 11 potions of mutation
Miscellaneous
 m - a condenser vane
 r - a lightning rod (4/4)
 D - a sack of spiders
 W - a phial of floods
 Y - a phantom mirror


   Skills:
 O Level 27 Fighting
 + Level 14.3 Polearms
 + Level 26.1 Throwing
 + Level 21.1 Armour
 + Level 14.2 Dodging
 - Level 2.0 Stealth
 - Level 21.5 Shields
 - Level 13.0 Evocations


You had 26 spell levels left.
You didn't know any spells.
Your spell library contained the following spells:

 Spells                   Type           Power      Damage    Failure   Level
 Necrotise                Necr           0%         1d4       96%         1
 Vampiric Draining        Necr           0%         2d6       100%        3
 Agony                    Necr           0%         N/A       100%        5
 Iskenderun's Battlesphe  Conj           0%         2d6       100%        5
 Leda's Unmaking          Conj/Erth      0%         9d1       100%        6
 Spellforged Servitor     Conj/Summ      0%         N/A       100%        7


Dungeon Overview and Level Annotations

Branches:
Dungeon (15/15)            Temple (0/1) D:7            Lair (5/5) D:10
  Swamp (4/4) Lair:2        Snake (4/4) Lair:2        Slime (5/5) Lair:5
    Orc (2/2) D:11            Elf (3/3) Orc:2        Vaults (5/5) D:13
  Crypt (3/3) Vaults:3       Tomb (0/3) Crypt:3      Depths (4/4) D:15
    Zot (5/5) Depths:4     Bailey (visited)         Volcano (visited)

Altars:
Ashenzari
Elyvilon
Fedhas
Gozag
Kikubaaqudgha
Makhleb
Sif Muna
Uskayaw
Vehumet
Wu Jian
Zin
Jiyva

Shops:
D:9 :   Orc:2 =[:   Elf:2 =::   Elf:3 :   Snake:3 (   Vaults:1 (![=*
Vaults:2 =   Vaults:4 *

Portals:
Hell: Depths:1 Depths:2 Depths:3 Depths:4
Abyss: Depths:3 Depths:4
Pandemonium: Depths:2 Depths:4
Ziggurat: Depths:1

Annotations:
Crypt:1 Sojobo
Depths:1 2 transporters, Hacs's ghost, veteran DgCj


Innate Abilities, Weirdness & Mutations

You are too large for most types of armour.
You have tough skin. (AC +1)
You possess an exceptional clarity of mind.
Your body sometimes deteriorates upon taking damage.
Your magical capacity is low. (-10% MP)
You passively map a small area around you.
You are occasionally teleported next to monsters.


Message History

You kill the cacodemon!
Trog accepts your kill. The reaper hits you but does no damage.
Your life force feels restored.
You feel magic returning to you.
You hear the crackle of electricity.
a - a +7 demon trident of electrocution (weapon)
You reach to attack!
You hit the reaper but do no damage. Lightning courses through the reaper!
The reaper is lightly wounded.
You block the reaper's attack.
You reach to attack!
You impale the reaper!!
The reaper is heavily wounded.
You reach to attack!
You impale the reaper!!
The reaper is severely wounded.
You block the reaper's attack.
You reach to attack!
You hit the reaper but do no damage. Lightning courses through the reaper!
The reaper is almost dead.
You block the reaper's attack.
You reach to attack!
You hit the reaper but do no damage.
The reaper is almost dead.
You reach to attack!
You closely miss the reaper.
The reaper is almost dead.
You block the reaper's attack.
You reach to attack!
You puncture the reaper!
The reaper is almost dead.
You reach to attack!
You closely miss the reaper.
The reaper is almost dead.
You block the reaper's attack.
You reach to attack!
You closely miss the reaper.
The reaper is almost dead.
The reaper misses you.
You reach to attack!
You puncture the reaper!
You kill the reaper!
Trog accepts your kill.
What level of the Dungeon? (default 1, ? - help)
There is a fountain of clear blue water here.
There is a staircase leading out of the dungeon here.
You have escaped!

...#### ##....# ####.##
......# #..##.## #..##
......###.###..### ##..#
......##..####...#######.#
......##.................#
.....###...##♣♣♣.♣♣♣##...#
##...# #...# ♣⌠♣ #...#
####.###...♣♣♣♣♣.♣♣♣♣♣...#
.# #...#......⌠.@.⌠......#
.###.#.#..)♣♣♣♣♣.♣♣♣♣♣.4.#
..##.#.#...# ♣⌠♣ #...#
..##..>....##♣♣♣.♣♣♣##...#
#.#######................#
#.# ################## #.#
#.# #.#


You could see an orange demon.

Vanquished Creatures
  the Royal Jelly (Slime:5)
  2 dread liches
  Khufu (Crypt:2)
  4 ancient liches
  An orb of fire (Zot:5)
  The ghost of Siwul the Eclecticist, a veteran DjCj of Ashenzari (Elf:1)
  2 royal mummies
  Boris (twice) (Crypt:2 Vaults:5)
  10 Killer Klowns
  5 curse toes
  Nikola (Snake:1)
  9 golden dragons
  3 electric golems
  19 tentacled monstrosities
  3 doom hounds (Crypt:2)
  3 hellephants (Zot:3)
  3 liches
  Zenata (Vaults:3)
  5 quicksilver dragons
  25 Orb Guardians
  3 deep elf blademasters
  4 titans
  Grunn (Crypt:2)
  2 deep elf master archers (Elf:3)
  A walking frostbound tome (Depths:1)
  11 acid blobs
  12 sphinxes
  Frances (Swamp:1)
  3 ancient champions
  6 death cobs
  9 tengu reavers
  2 thorn hunters (Swamp:4)
  Donald (Swamp:3)
  18 azure jellies
  An azure jelly (shapeshifter) (Zot:3)
  4 nagarajas
  6 draconian monks
  Kirke (Elf:1)
  6 fenstrider witches
  14 storm dragons
  14 shadow dragons
  3 draconian knights
  7 frost giants
  2 revenants
  7 fire giants
  3 iron dragons
  5 draconian scorchers
  8 rockslimes
  3 spectral juggernauts (Depths:3)
  4 deep elf sorcerers
  4 ghost moths
  A caustic shrike zombie (Crypt:3)
  5 deep elf elementalists
  A fire giant (shapeshifter) (Zot:3)
  A ghost moth (shapeshifter) (Vaults:1)
  The ghost of Ychix the Thaumaturge, a journeyman GnSk of Makhleb (Swamp:2)
  2 curse skulls (Crypt:3)
  3 spectral caustic shrikes (Depths:3)
  21 ghouls
  6 draconian shifters
  3 orc warlords
  16 vault wardens
  4 draconian stormcallers
  11 ironbound preservers
  3 cacodemons
  10 draconian annihilators
  9 war gargoyles
  10 quicksilver oozes
  3 reapers
  A spriggan defender (Depths:3)
  4 ironbound thunderhulks
  14 stone giants
  10 formless jellyfish
  4 spectral titans (Depths:3)
  5 vampire knights
  6 deep elf demonologists
  The ghost of Kareus the Destroyer, a journeyman DgCj (Lair:4)
  21 very ugly things
  7 eleionomae
  12 green draconians
  12 dire elephants
  A dire elephant (shapeshifter) (Zot:3)
  7 deep elf annihilators
  9 red draconians
  11 black draconians
  11 white draconians
  13 yellow draconians
  4 spark wasps
  6 bunyips
  7 purple draconians
  A fire dragon (shapeshifter) (Zot:3)
  16 deep elf death magi
  2 green deaths
  A blizzard demon (Swamp:4)
  7 fire dragons
  Snorg (D:13)
  2 quicksilver dragon zombies (Crypt:3)
  11 ettins
  A merfolk javelineer (Depths:2)
  Josephine (D:15)
  6 eidola
  9 deep elf high priests
  5 spriggan zombies (Crypt:3)
  4 shambling mangroves
  A crystal guardian (Vaults:2)
  A spectral golden dragon (Depths:3)
  11 yaktaur captains
  4 salamander tyrants
  6 great orbs of eyes
  7 jiangshi
  3 spectral spriggans (Depths:3)
  2 quicksilver dragon skeletons (Crypt:3)
  3 entropy weavers
  2 rakshasas
  2 spectral sphinxes (Depths:3)
  A spectral tengu (Depths:3)
  38 vault guards
  Erolcha (Orc:2)
  A hell beast (Zot:1)
  9 ice dragons
  11 hydras
  7 ironbound frosthearts
  Harold (Lair:2)
  A caustic shrike simulacrum (Depths:3)
  A spectral shadow dragon (Depths:3)
  6 ogre magi
  An alligator (shapeshifter) (Vaults:5)
  6 spriggan air magi
  4 juggernaut simulacra (Depths:3)
  5 peacekeepers
  3 catoblepae (Lair:5)
  4 alligators (Swamp:3)
  A radroach (shapeshifter) (D:15)
  10 anacondas
  9 centaur warriors
  A jorogumo (shapeshifter) (Zot:3)
  2 spectral fire giants (Depths:3)
  4 two-headed ogres
  33 dancing weapons
  8 deep troll shamans
  23 death yaks
  4 boulder beetles
  10 deep troll earth magi
  An orc high priest (Elf:1)
  9 shock serpents
  12 naga warriors
  3 tengu warriors
  8 naga sharpshooters
  9 vampire magi
  4 spriggan berserkers
  7 spectral storm dragons (Depths:3)
  15 deep elf knights
  12 soul eaters
  Nergalle (Orc:2)
  14 hell knights
  A spectral spark wasp (Depths:3)
  A fire crab (D:9)
  8 iron trolls
  3 death drakes
  2 sixfirhies
  4 flayed ghosts
  35 skeletal warriors
  A goliath frog (shapeshifter) (Vaults:5)
  3 goliath frogs
  10 salamander mystics
  3 spriggan druids (Swamp:4)
  2 orange crystal statues (Depths:3)
  A spectral iron dragon (Depths:3)
  9 naga ritualists
  A bunyip skeleton (Crypt:3)
  A steelbarb worm (D:15)
  5 swamp dragons
  51 deep trolls
  10 sea snakes
  8 glowing orange brains
  8 bog bodies
  16 lindwurms
  An orb spider (shapeshifter) (Zot:3)
  A lindwurm (shapeshifter) (Zot:3)
  8 wizards
  An obsidian statue (D:14)
  16 ironbound convokers
  15 deep elf archers
  17 phantasmal warriors
  31 deep elf pyromancers
  An iron dragon zombie (Crypt:3)
  16 necromancers
  2 orc knights
  A shadow dragon zombie (Crypt:3)
  32 deep elf zephyrmancers
  10 mana vipers
  A shining eye (shapeshifter) (Zot:3)
  6 wolf spiders
  A harpy (shapeshifter) (D:13)
  13 orc sorcerers
  4 shining eyes
  43 ugly things
  3 manticores
  2 cyclopes
  29 salamanders
  4 will-o-the-wisps
  2 centaur zombies (Crypt:3)
  A rust devil (D:15)
  49 black mambas
  A moth of wrath (shapeshifter) (D:14)
  An eleionoma skeleton (Crypt:2)
  9 elephants
  A stone giant skeleton (Crypt:3)
  2 titan simulacra (Depths:3)
  2 molten gargoyles (Volcano)
  A fire giant skeleton (Crypt:2)
  26 moths of wrath
  3 naga skeletons (Crypt:3)
  An iron dragon skeleton (Crypt:3)
  A death yak zombie (Crypt:1)
  14 naga magi
  13 guardian serpents
  2 orange demons
  9 cane toads
  2 torpor snails
  4 eyes of devastation
  2 smoke demons
  2 alligator snapping turtle zombies (Crypt:3)
  An alligator snapping turtle skeleton (Crypt:1)
  25 vault sentinels
  A catoblepas zombie (Crypt:2)
  2 gargoyles
  A bunyip simulacrum (Crypt:2)
  An efreet (D:12)
  An unseen horror (D:12)
  5 komodo dragons
  6 kobold demonologists
  2 swamp worm zombies
  A grey draconian zombie (Crypt:1)
  2 rime drakes
  11 freezing wraiths
  18 yaktaurs
  A golden dragon simulacrum (Depths:3)
  2 harpy zombies
  6 tengu conjurers
  4 spectral glowing shapeshifters (Depths:3)
  A guardian mummy (Crypt:3)
  2 tengu simulacra (Depths:3)
  15 hornets
  14 hellwings
  6 tyrant leeches
  2 bloated husks
  3 meliai (D:15)
  3 trolls
  2 tarantellas (shapeshifter)
  14 blink frogs
  2 shadow dragon simulacra (Depths:3)
  15 dream sheep
  2 shadows
  A slime creature (shapeshifter) (Vaults:4)
  111 slime creatures
  An air elemental (Elf:2)
  An ettin skeleton (Crypt:3)
  9 wraiths
  A jumping spider (Crypt:3)
  2 vampires
  3 wyverns
  7 spriggans
  13 water elementals
  An ushabti (Crypt:3)
  A basilisk (shapeshifter) (D:13)
  A basilisk (Lair:3)
  3 fire elementals
  2 golden eyes (Slime:5)
  39 yaks
  2 hogs (Elf:1)
  2 steam dragons
  8 humans (D:13)
  A black mamba skeleton (Crypt:3)
  8 fire bats (Volcano)
  4 chaos spawn
  3 redbacks (Crypt:3)
  21 vampire mosquitoes
  A redback (shapeshifter) (Elf:1)
  42 nagas
  14 swamp worms
  7 wargs
  A deep troll zombie (Crypt:3)
  An acid dragon (shapeshifter) (Elf:1)
  2 acid dragons
  A demonspawn zombie (Crypt:2)
  3 naga zombies (Crypt:3)
  24 water moccasins
  2 floating eyes
  3 hell hounds (Volcano)
  A floating eye (shapeshifter) (Zot:3)
  37 orc warriors
  2 ice beasts
  A black bear (Lair:1)
  6 ogres
  A boggart (Vaults:1)
  14 wolves
  A sky beast (D:8)
  17 centaurs
  10 bullfrogs
  4 kobold brigands
  2 gnoll sergeants (D:9)
  A komodo dragon skeleton (Crypt:2)
  8 necrophages
  4 earth elementals
  2 scorpions
  A demonspawn simulacrum (Crypt:2)
  6 wyvern skeletons (Crypt:3)
  A warg skeleton (Crypt:1)
  10 killer bees
  6 jellies
  A spriggan skeleton (Crypt:1)
  A yak skeleton (Crypt:1)
  An electric eel (D:14)
  3 howler monkeys
  8 lava snakes
  Crazy Yiuf (D:7)
  4 hounds
  22 orc priests
  2 black bear skeletons (Crypt:2)
  2 sleepcaps (D:6)
  5 iguanas
  40 orc wizards
  An ice beast zombie (Crypt:1)
  An ogre skeleton (Crypt:2)
  3 mummies
  6 adders
  16 gnolls
  An ufetubus (D:5)
  2 worms
  3 dart slugs
  The ghost of Bidiffoapt the Sneak, a weakling SpDe (Lair:1)
  117 orcs
  5 ball pythons
  3 endoplasms
  3 giant cockroaches
  11 goblins
  8 hobgoblins
  2 jackals (D:5)
  9 kobolds
  2 quokkas
  3 training dummies (Snake:3)
  5 bats
  3 frilled lizards
  3 rats
  3 butterflies (Lair:1)
2494 creatures vanquished.

Vanquished Creatures (collateral kills)
  A dread lich (Crypt:3)
  An orb of fire (Zot:5)
  Mara (Elf:3)
  A Killer Klown (Zot:5)
  A golden dragon (Zot:1)
  A tentacled monstrosity (Zot:4)
  An Orb Guardian (Zot:5)
  A death cob (Zot:5)
  A storm dragon (Zot:4)
  A draconian knight (Zot:5)
  A quicksilver ooze (shapeshifter) (Zot:3)
  A ghoul (Swamp:4)
  A very ugly thing (Zot:3)
  A black draconian (Zot:5)
  A hydra (Lair:5)
  A death yak (Lair:4)
  A soul eater (Zot:1)
  A necromancer (Crypt:3)
  A manticore (Lair:5)
  A black mamba (Lair:5)
  A cane toad (Lair:5)
  A tyrant leech (Swamp:1)
  2 vampire mosquitoes (Swamp:1)
  A water moccasin (Lair:5)
  A necrophage (Swamp:4)
26 creatures vanquished.

Vanquished Creatures (others)
  A death cob (Zot:5)
  A fire giant (Depths:4)
  2 draconian knights
  2 white draconians
  A vault guard (Vaults:5)
  An air elemental (Elf:1)
  2 humans
  An orc wizard (Orc:1)
  2 orcs (Elf:1)
  6 foxfires (Swamp:3)
19 creatures vanquished.

Grand Total: 2539 creatures vanquished

Notes
Turn   | Place    | Note
-------+----------+-------------------------------------------
     0 | D:1      | Xenophilius the Ogre Berserker began the quest for the Orb.
     0 | D:1      | Reached XP level 1. HP: 24/24 MP: 1/1
   217 | D:1      | Found a faded altar of an unknown god.
   278 | D:1      | Reached XP level 2. HP: 32/32 MP: 2/2
   721 | D:1      | Reached skill level 5 in Fighting
  1241 | D:2      | Reached XP level 3. HP: 38/42 MP: 3/3
  1291 | D:2      | Reached ** piety under Trog
  2287 | D:3      | Reached XP level 4. HP: 42/50 MP: 4/4
  2328 | D:3      | Reached skill level 6 in Fighting
  2926 | D:4      | Found a large runed translucent door.
  3054 | D:4      | Reached XP level 5. HP: 48/61 MP: 5/5
  3373 | D:4      | Found a large runed translucent door.
  3422 | D:4      | Found a large runed translucent door.
  3422 | D:4      | Found a large runed translucent door.
  3658 | D:4      | Found a hide-covered altar of Uskayaw.
  3768 | D:4      | Reached skill level 7 in Fighting
  3906 | D:4      | Reached XP level 6. HP: 71/71 MP: 6/6
  4022 | D:4      | Reached skill level 5 in Polearms
  4109 | D:4      | Reached *** piety under Trog
  4121 | D:4      | Noticed an ice beast
  4163 | D:4      | Killed an ice beast
  4164 | D:4      | Reached XP level 7. HP: 78/78 MP: 7/7
  4486 | D:4      | Reached skill level 1 in Stealth
  4551 | D:4      | Identified the +0 ring mail "Kualao" {rPois rF+}
  4567 | D:5      | Entered Level 5 of the Dungeon
  5095 | D:5      | Reached skill level 1 in Evocations
  5722 | D:5      | Reached skill level 8 in Fighting
  6172 | D:6      | Noticed a steam dragon
  6207 | D:6      | Reached XP level 8. HP: 81/88 MP: 8/8
  6400 | D:6      | Reached skill level 9 in Fighting
  6554 | D:6      | Found a broken altar of Ashenzari.
  7407 | D:6      | Reached XP level 9. HP: 101/101 MP: 9/9
  7576 | D:7      | Reached skill level 10 in Fighting
  7604 | D:7      | Found a staircase to the Ecumenical Temple.
  7666 | D:7      | Reached skill level 1 in Throwing
  8077 | D:7      | Reached **** piety under Trog
  8920 | D:7      | Found a runed translucent door.
  8921 | D:7      | Noticed Crazy Yiuf
  8995 | D:8      | Found an opulent altar of Gozag.
  8995 | D:8      | Found a glowing silver altar of Zin.
  9050 | D:8      | Reached skill level 5 in Throwing
  9198 | D:8      | Found a flagged portal.
  9223 | Bailey   | Entered a bailey
  9532 | Bailey   | Reached skill level 11 in Fighting
 10227 | Bailey   | Reached XP level 10. HP: 105/113 MP: 10/10
 10697 | Bailey   | Reached skill level 10 in Polearms
 12025 | D:8      | Reached ***** piety under Trog
 12091 | D:8      | Reached skill level 12 in Fighting
 12756 | D:8      | Found a burning altar of Makhleb.
 12756 | D:8      | Noticed a cacodemon
 12759 | D:8      | Noticed an orange demon
 12759 | D:8      | Noticed an orange demon
 12832 | D:9      | Noticed a kobold demonologist
 12832 | D:9      | Noticed a fire crab
 12832 | D:9      | Noticed a kobold demonologist
 12832 | D:9      | Found a transporter.
 12836 | D:9      | Found a transporter.
 12850 | D:9      | Noticed a kobold demonologist
 12885 | D:9      | Reached skill level 13 in Fighting
 13493 | D:9      | Reached skill level 14 in Fighting
 13493 | D:9      | Reached XP level 11. HP: 131/131 MP: 11/11
 13665 | D:9      | Found Rone's Book Shoppe.
 14279 | D:10     | Entered Level 10 of the Dungeon
 14428 | D:10     | Reached skill level 15 in Fighting
 14438 | D:10     | Reached skill level 1 in Shields
 14497 | D:10     | Noticed a death yak
 14566 | D:10     | Found a staircase to the Lair.
 14567 | D:10     | Noticed a death yak
 15070 | D:10     | Noticed a two-headed ogre
 15091 | D:10     | Killed a two-headed ogre
 15092 | D:10     | Reached XP level 12. HP: 141/141 MP: 12/12
 15231 | D:10     | Noticed a death yak
 15486 | D:10     | Killed a death yak
 15598 | D:10     | Reached skill level 5 in Shields
 15658 | D:9      | Killed a death yak
 16119 | D:10     | Found a staircase to the Lair.
 16162 | D:10     | Killed a death yak
 16910 | D:11     | Found a staircase to the Orcish Mines.
 16974 | D:11     | Noticed a boulder beetle
 17239 | D:11     | Killed a boulder beetle
 17470 | D:11     | Noticed a boulder beetle
 17481 | D:11     | Killed a boulder beetle
 17994 | Lair:1   | Entered Level 1 of the Lair of Beasts
 17994 | Lair:1   | Noticed Bidiffoapt's ghost (weakling SpDe)
 17994 | Lair:1   | Found a runed translucent door.
 18240 | Lair:1   | Found a radiant altar of Vehumet.
 18440 | Lair:1   | Reached skill level 16 in Fighting
 19067 | Lair:1   | Reached skill level 10 in Throwing
 19184 | Lair:1   | Received a gift from Trog
 19552 | Lair:1   | Killed Bidiffoapt's ghost
 19593 | Lair:2   | Found a staircase to the Swamp.
 19615 | Lair:2   | Reached XP level 13. HP: 121/152 MP: 13/13
 20339 | Lair:2   | Found a staircase to the Snake Pit.
 20571 | Lair:2   | Reached skill level 5 in Evocations
 20708 | Lair:2   | Noticed Harold
 20722 | Lair:2   | Killed Harold
 21436 | Lair:3   | Found a runed translucent door.
 21661 | Lair:3   | Reached skill level 1 in Armour
 22727 | Lair:4   | Found a dark tunnel.
 22743 | Volcano  | Entered a volcano
 23182 | Volcano  | Found a burning altar of Makhleb.
 23736 | Lair:4   | Reached skill level 10 in Shields
 23792 | Lair:4   | Found a runed translucent gate.
 23792 | Lair:4   | Found a runed translucent gate.
 23792 | Lair:4   | Found a runed translucent gate.
 23792 | Lair:4   | Found a viscous altar of Jiyva.
 23792 | Lair:4   | Noticed an azure jelly
 23792 | Lair:4   | Noticed an azure jelly
 23792 | Lair:4   | Noticed an acid blob
 23792 | Lair:4   | Noticed an acid blob
 23792 | Lair:4   | Noticed an azure jelly
 23792 | Lair:4   | Noticed an azure jelly
 23792 | Lair:4   | Noticed an azure jelly
 23792 | Lair:4   | Noticed an azure jelly
 23792 | Lair:4   | Noticed an azure jelly
 23792 | Lair:4   | Noticed Kareus's ghost (journeyman DgCj)
 23792 | Lair:4   | Noticed an azure jelly
 23792 | Lair:4   | Noticed an azure jelly
 23792 | Lair:4   | Noticed an azure jelly
 23792 | Lair:4   | Noticed an acid blob
 23792 | Lair:4   | Noticed an azure jelly
 24763 | Lair:3   | Reached skill level 17 in Fighting
 25013 | Lair:5   | Entered Level 5 of the Lair of Beasts
 25032 | Lair:4   | Reached XP level 14. HP: 141/166 MP: 14/14
 28069 | Lair:4   | Identified the +0 spear "Xeismuth" {flame, rPois} (Trog
                  | gifted it to you on level 4 of the Lair of Beasts)
 28069 | Lair:4   | Received a gift from Trog
 29237 | Lair:5   | Found a staircase to the Slime Pits.
 29284 | Lair:5   | Reached skill level 18 in Fighting
 30660 | Lair:5   | Reached XP level 15. HP: 138/176 MP: 15/15
 31522 | Lair:5   | Found the ring of the Tortoise {AC+8}
 31807 | Orc:1    | Entered Level 1 of the Orcish Mines
 31880 | Orc:1    | Received a gift from Trog
 32098 | Orc:2    | Entered Level 2 of the Orcish Mines
 32924 | Orc:2    | Found a staircase to the Elven Halls.
 33120 | Orc:2    | Noticed an orc warlord
 33172 | Orc:2    | Killed an orc warlord
 33331 | Orc:2    | Received a gift from Trog
 33521 | Orc:2    | Reached ****** piety under Trog
 33574 | Orc:2    | Reached skill level 19 in Fighting
 33624 | Orc:2    | Paralysed by an orc sorcerer for 3 turns
 33691 | Orc:2    | Found Oshrenn's Book Shoppe.
 33719 | Orc:2    | Noticed Nergalle
 33720 | Orc:2    | Found an ancient bone altar of Kikubaaqudgha.
 33755 | Orc:2    | Killed Nergalle
 33775 | Orc:2    | Found Longab's Distillery.
 33861 | Orc:2    | Noticed Erolcha
 33883 | Orc:2    | Killed Erolcha
 33944 | Orc:2    | Found a radiant altar of Vehumet.
 34000 | Orc:2    | Found Ushosamo's Jewellery Emporium.
 34005 | Orc:2    | Found Fiaxeonk's Antique Armour Emporium.
 34293 | Orc:2    | Bought a ring of flight for 245 gold pieces
 34606 | D:12     | Received a gift from Trog
 34752 | D:12     | Noticed Sonja
 34758 | D:12     | Sonja changed into Sonja the hornet
 34758 | D:12     | Noticed Sonja
 34762 | D:12     | Killed Sonja the hornet
 36968 | D:13     | Noticed Snorg
 37322 | D:13     | Found a gate to the Vaults.
 37516 | D:14     | Received a gift from Trog
 38080 | D:14     | Reached XP level 16. HP: 189/189 MP: 5/16
 39668 | D:15     | Entered Level 15 of the Dungeon
 40412 | D:15     | Reached skill level 20 in Fighting
 40853 | D:15     | Identified a scroll of acquirement
 40854 | D:15     | Acquired a +4 demon trident of electrocution
 41420 | D:15     | Received a gift from Trog
 41803 | D:15     | Noticed Josephine
 41830 | D:15     | Killed Josephine
 42113 | D:15     | Found a staircase to the Depths.
 42308 | Snake:1  | Entered Level 1 of the Snake Pit
 42336 | Snake:1  | Noticed Nikola
 42353 | Snake:1  | Killed Nikola
 42653 | Snake:1  | Identified the -2 helmet of Death Resistance {rF+ rC+ rN+
                  | Dex+2}
 43127 | Snake:1  | Noticed a nagaraja
 43389 | Snake:1  | Received a gift from Trog
 43433 | Snake:1  | Killed a nagaraja
 44132 | Snake:2  | Reached XP level 17. HP: 170/201 MP: 17/17
 45282 | Snake:3  | Reached skill level 21 in Fighting
 45520 | Snake:3  | Received a gift from Trog
 45779 | Snake:3  | Identified the +2 robe of Evolution {Fly}
 46049 | Snake:3  | Found Wioqoiwn's Firing Range.
 46057 | Snake:3  | Bought 4 large rocks for 108 gold pieces
 46057 | Snake:3  | Bought 4 large rocks for 108 gold pieces
 46057 | Snake:3  | Bought 3 boomerangs for 108 gold pieces
 46057 | Snake:3  | Bought 4 large rocks for 108 gold pieces
 46057 | Snake:3  | Bought a throwing net for 54 gold pieces
 46057 | Snake:3  | Bought 2 javelins for 108 gold pieces
 46057 | Snake:3  | Bought a throwing net for 54 gold pieces
 46309 | Snake:3  | Found a white marble altar of Elyvilon.
 47066 | Snake:4  | Entered Level 4 of the Snake Pit
 47423 | Snake:4  | Reached skill level 15 in Throwing
 47423 | Snake:4  | Reached skill level 15 in Shields
 47670 | Snake:4  | Received a gift from Trog
 47893 | Snake:4  | Reached skill level 22 in Fighting
 48157 | Snake:4  | Reached XP level 18. HP: 208/219 MP: 7/18
 48550 | Snake:4  | Received a gift from Trog
 48733 | Snake:4  | Reached skill level 23 in Fighting
 49267 | Snake:4  | Got a serpentine rune of Zot
 49852 | Swamp:1  | Entered Level 1 of the Swamp
 49921 | Swamp:1  | Found the +3 pair of mountain boots {steadfast, rC+}
 50048 | Swamp:1  | Noticed Frances
 50062 | Swamp:1  | Killed Frances
 50556 | Swamp:2  | Noticed Ychix's ghost (journeyman GnSk)
 50559 | Swamp:2  | Found a runed translucent door.
 50942 | Swamp:2  | You fall into a shaft and drop 1 floor!
 51457 | Swamp:3  | Identified the +2 pair of gloves "Xog Caokkami" {+Blink rF-
                  | rC+ Stlth+}
 52251 | Swamp:3  | Noticed Donald
 52260 | Swamp:3  | Killed Donald
 52260 | Swamp:3  | Received a gift from Trog
 52261 | Swamp:3  | Reached skill level 24 in Fighting
 52410 | Swamp:4  | Entered Level 4 of the Swamp
 53551 | Swamp:4  | Reached XP level 19. HP: 70/234 MP: 19/19
 54085 | Swamp:4  | Received a gift from Trog
 54296 | Swamp:4  | Reached skill level 25 in Fighting
 54746 | Swamp:4  | Got a decaying rune of Zot
 55120 | Swamp:4  | Noticed a tentacled monstrosity
 55123 | Swamp:4  | Killed a tentacled monstrosity
 55618 | Elf:1    | Entered Level 1 of the Elven Halls
 55635 | Elf:1    | Received a gift from Trog
 55760 | Elf:1    | Noticed Kirke
 55770 | Elf:1    | Killed Kirke
 56272 | Elf:1    | Found a runed translucent gate.
 56272 | Elf:1    | Found a runed translucent gate.
 56272 | Elf:1    | Found a runed translucent gate.
 56272 | Elf:1    | Found a runed translucent gate.
 56272 | Elf:1    | Found a runed translucent gate.
 56275 | Elf:1    | Found a runed translucent gate.
 56735 | Elf:1    | Received a gift from Trog
 57343 | Elf:1    | Found a runed translucent gate.
 57343 | Elf:1    | Found a runed translucent gate.
 57343 | Elf:1    | Found a runed translucent gate.
 57344 | Elf:1    | Noticed Siwul's ghost (veteran DjCj)
 57856 | Elf:1    | Reached skill level 26 in Fighting
 58172 | Elf:2    | Paralysed by an air elemental for 1 turns
 58288 | Elf:2    | Received a gift from Trog
 58348 | Elf:2    | Reached skill level 5 in Armour
 58424 | Elf:2    | Found a flickering gateway to a bazaar.
 58466 | Elf:2    | Reached XP level 20. HP: 218/253 MP: 6/20
 58527 | Bazaar   | Entered a bazaar
 58531 | Bazaar   | Found Raimiff's Antique Armour Boutique.
 58553 | Bazaar   | Found Koinesk's Antique Armour Emporium.
 58574 | Bazaar   | Found Acku's Book Boutique.
 58594 | Bazaar   | Found Fen Waec's Antique Weapon Shoppe.
 58663 | Elf:2    | Found Kyr Xou's Jewellery Boutique.
 58663 | Elf:2    | Found Cypletwa's Book Shoppe.
 58665 | Elf:2    | Found Kunwemu's Book Shoppe.
 58989 | Elf:2    | Found a runed translucent gate.
 58989 | Elf:2    | Found a runed translucent gate.
 58989 | Elf:2    | Found a runed translucent gate.
 59517 | Elf:3    | Entered Level 3 of the Elven Halls
 59819 | Elf:3    | Received a gift from Trog
 59834 | Elf:3    | Found the +8 demon blade "Leech" {evervamp, Harm Drain rN+}
 60016 | Elf:3    | Found Waysov's Book Boutique.
 60659 | Elf:3    | Identified the ring of Noturez {AC+4 Str-5 Int+3 Dex+4}
 60692 | Elf:2    | Reached skill level 27 in Fighting
 60747 | Elf:3    | Identified the +1 long sword "Qosea" {chaos, Will+}
 61696 | Elf:3    | Identified the amulet of Xulodug {*Slow rN+ Regen+ MP+9}
 61928 | Elf:3    | Identified the +5 sling "Fuxoug" {heavy, rPois MP-9 Str+3
                  | Dex+3}
 62311 | Elf:3    | Noticed Mara
 62340 | Elf:3    | Killed Mara
 62340 | Elf:3    | Received a gift from Trog
 62673 | Vaults:1 | Entered Level 1 of the Vaults
 62943 | Vaults:1 | Found Der Yjif's General Store.
 63000 | Vaults:1 | Found Sess's Jewellery Shop.
 63614 | Vaults:1 | Found Onorivi's Armour Emporium.
 63726 | Vaults:1 | Found Ciwint's Weapon Shop.
 64085 | Vaults:1 | Reached XP level 21. HP: 134/265 MP: 21/21
 64480 | Vaults:1 | Found Tarin's Distillery.
 64665 | Vaults:1 | Received a gift from Trog
 66314 | Vaults:2 | Received a gift from Trog
 66543 | Vaults:2 | Found Utryf Olo's Jewellery Shoppe.
 66555 | Vaults:2 | Bought the ring "Letid" {*Corrode rC+ rN++ Str+6 Int+5} for
                  | 981 gold pieces
 66609 | Vaults:2 | Identified the +0 mace of the Feeding Gods {elec, rPois
                  | Dex+3 Stlth+}
 67245 | D:13     | Killed Snorg
 67599 | Snake:2  | Received a gift from Trog
 68477 | Vaults:2 | Paralysed by a formless jellyfish for 1 turns
 68834 | Vaults:2 | Reached XP level 22. HP: 252/275 MP: 22/22
 69259 | Vaults:3 | Noticed Zenata
 70161 | Vaults:3 | Received a gift from Trog
 71195 | Vaults:3 | Found a staircase to the Crypt.
 71412 | Vaults:3 | Killed Zenata
 71661 | Crypt:1  | Entered Level 1 of the Crypt
 72083 | Crypt:1  | Received a gift from Trog
 73250 | Crypt:2  | Noticed Boris
 73284 | Crypt:2  | Killed Boris
 73407 | Crypt:2  | Noticed Grunn
 73434 | Crypt:2  | Killed Grunn
 73636 | Crypt:2  | Received a gift from Trog
 73839 | Crypt:2  | Noticed Sojobo
 73850 | Crypt:1  | Paralysed by an air elemental for 1 turns
 73857 | Crypt:1  | Paralysed by an air elemental for 1 turns
 74453 | Crypt:2  | Reached XP level 23. HP: 234/284 MP: 9/23
 74562 | Crypt:2  | Noticed Khufu
 74573 | Crypt:2  | Noticed a royal mummy
 74577 | Crypt:2  | Killed Khufu
 74582 | Crypt:2  | Killed a royal mummy
 74985 | Crypt:3  | Entered Level 3 of the Crypt
 75073 | Crypt:3  | Found the +6 Majin-Bo {spellvamp, MP+6 Int+6}
 75510 | Crypt:3  | Identified the ring of the Prince of Darkness {rPois rN+
                  | Int+3}
 75956 | Crypt:3  | Received a gift from Trog
 76221 | Crypt:3  | Noticed a royal mummy
 76441 | Crypt:3  | Found an ancient bone altar of Kikubaaqudgha.
 77175 | Crypt:3  | Identified the ring "Xeufool" {Contam rF++ rN+ rCorr Int-2}
 77271 | Crypt:3  | Noticed a dread lich
 77298 | Crypt:3  | Killed a dread lich
 77298 | Crypt:3  | Received a gift from Trog
 77307 | Crypt:3  | Noticed a dread lich
 77314 | Crypt:3  | Killed a dread lich
 77326 | Crypt:3  | Identified the amulet "Ridistrud" {rF+ Regen+ MP+9 Str+5}
 77326 | Crypt:3  | Identified the ring of Neplabua {rC+ rN+ Stlth+}
 77578 | Crypt:3  | Killed a royal mummy
 77581 | Crypt:3  | Found a staircase to the Tomb.
 78168 | Crypt:3  | Reached skill level 10 in Armour
 78658 | Vaults:4 | Found a transporter.
 78658 | Vaults:4 | Found Desomurch's Assorted Antiques.
 78660 | Vaults:4 | Found a transporter.
 78670 | Vaults:4 | Bought a condenser vane for 1920 gold pieces
 78913 | Vaults:4 | Paralysed by a formless jellyfish for 1 turns
 78917 | Vaults:4 | Paralysed by a formless jellyfish for 1 turns
 79634 | Vaults:4 | Found the +2 hood of the Assassin {Detect Stab+ Stlth++}
 79652 | Vaults:4 | Received a gift from Trog
 80013 | Vaults:3 | Reached XP level 24. HP: 292/293 MP: 23/23
 80293 | Slime:1  | Entered Level 1 of the Pits of Slime
 80613 | Slime:2  | Gained mutation: You have hidden genetic defects. [a
                  | shining eye]
 80635 | Slime:3  | Paralysed by a formless jellyfish for 1 turns
 80722 | Slime:2  | Identified the +3 spear of Reapportionment {heavy, Dex+4}
                  | (Trog gifted it to you on level 2 of the Pits of Slime)
 80722 | Slime:2  | Received a gift from Trog
 81342 | Slime:4  | Found a viscous altar of Jiyva.
 81351 | Slime:5  | Entered Level 5 of the Pits of Slime
 81351 | Slime:5  | Found the +27 heavy crossbow "Sniper" {heavy, Acc+∞ SInv}
 82264 | Slime:5  | Gained mutation: You are frail. (-10% HP) [hidden defects]
 82335 | Slime:5  | Found a viscous altar of Jiyva.
 82342 | Slime:5  | Found the +6 lightning scales {swift, rElec}
 82367 | Slime:5  | Noticed the Royal Jelly
 82396 | Slime:5  | Killed the Royal Jelly
 82586 | Slime:5  | Identified the +0 shadow dragon scales "Leemuggae" {rPois
                  | rC+ Stlth++++}
 82627 | Slime:5  | Identified the ring "Pogu" {rC- MP+9 Str+2 Int+4}
 82629 | Slime:5  | Got a slimy rune of Zot
 82649 | Slime:5  | Identified the +6 long sword of the Enemy {antimagic, rCorr
                  | Int-5 Dex+3}
 82652 | Slime:5  | Found the +1 cloak of Starlight {*Dazzle EV+4 Stlth--}
 82664 | Slime:5  | Identified the +5 great sword of the Moth {venom, *Corrode
                  | rC++ Str+4}
 82669 | Slime:5  | Identified the +9 quarterstaff "Qonefufu" {vamp, rElec rC-
                  | rCorr}
 82688 | Slime:5  | Identified the +10 broad axe of the Eight Artists {flame,
                  | rN++ Will+ Stlth-}
 82711 | Slime:5  | Identified the +1 robe "Camod" {+Inv Stlth+}
 83003 | Depths:1 | Entered Level 1 of the Depths
 83167 | Depths:1 | Found an ornate altar of the Wu Jian Council.
 83206 | Depths:1 | Found a shimmering blue altar of Sif Muna.
 83221 | Depths:1 | Received a gift from Trog
 83266 | Depths:1 | Found a transporter.
 83380 | Depths:1 | Gained mutation: You are occasionally teleported next to
                  | monsters. [hidden defects]
 83380 | Depths:1 | Lost mutation: You have hidden genetic defects. [hidden
                  | defects expressed]
 83555 | Depths:1 | Found a gateway to Hell.
 83586 | Depths:1 | Found a one-way gateway to a ziggurat.
 83622 | Depths:1 | Noticed Hacs's ghost (veteran DgCj)
 83635 | Depths:1 | Noticed a caustic shrike
 83640 | Depths:1 | Noticed a caustic shrike
 83649 | Depths:1 | Found a transporter.
 83840 | Depths:1 | Identified the ring of Kovatel {Fly MP+9 Int+3 SInv}
 84029 | Depths:1 | Identified the +6 arbalest of Narrow Prudence {heavy,
                  | Dex+3}
 84260 | D:15     | Lost mutation: You are frail. (-10% HP) [potion of
                  | mutation]
 84260 | D:15     | Lost mutation: You are occasionally teleported next to
                  | monsters. [potion of mutation]
 84260 | D:15     | Gained mutation: You possess an exceptional clarity of
                  | mind. [potion of mutation]
 84260 | D:15     | Gained mutation: Your magical capacity is low. (-10% MP)
                  | [potion of mutation]
 84260 | D:15     | Gained mutation: Your spells are a little harder to cast,
                  | but a little more powerful. [potion of mutation]
 84260 | D:15     | Gained mutation: You passively map a small area around you.
                  | [potion of mutation]
 84518 | D:7      | Killed Crazy Yiuf
 85271 | Lair:4   | Received a gift from Trog
 85456 | Lair:4   | Killed Kareus's ghost
 85947 | Swamp:2  | Killed Ychix's ghost
 86704 | Elf:2    | Reached XP level 25. HP: 304/304 MP: 20/20
 87381 | Elf:1    | Killed Siwul's ghost
 87873 | Vaults:5 | Entered Level 5 of the Vaults
 87873 | Vaults:5 | Noticed an ancient lich
 88130 | Vaults:4 | Killed an ancient lich
 88962 | Vaults:1 | Bought a scroll of enchant armour for 105 gold pieces
 90824 | Vaults:5 | Received a gift from Trog
 90927 | Vaults:5 | Reached skill level 15 in Armour
 91173 | Vaults:5 | Identified the +3 glaive of Bitsor {freeze, rElec rF+ Dex+4
                  | Stlth+}
 91173 | Vaults:5 | Noticed Boris
 91180 | Vaults:5 | Killed Boris
 91259 | Vaults:5 | Identified the +1 leather armour of Loss {*Slow rF++ Int+4}
 91261 | Vaults:5 | Identified the +5 scimitar of Trauma {heavy, Will- Int+4
                  | Dex-4 SInv}
 91281 | Vaults:5 | Received a gift from Trog
 91989 | Vaults:5 | Got a silver rune of Zot
 92000 | Vaults:5 | Identified the staff "Huresytz" {Contam rElec Will+++ Dex-5
                  | Earth}
 92303 | Vaults:5 | Identified the staff of Awkwardness {rElec Int+4 Air}
 92742 | Depths:2 | Identified the +7 plate armour of the Blizzard {rElec rF+
                  | Str-2 Dex+3}
 92815 | Depths:2 | Reached XP level 26. HP: 314/314 MP: 20/20
 93545 | Depths:2 | Received a gift from Trog
 93994 | Depths:2 | Found a one-way gate leading to the halls of Pandemonium.
 94555 | Depths:3 | Received a gift from Trog
 95407 | Depths:3 | Found a one-way gate to the infinite horrors of the Abyss.
 95422 | Depths:3 | Reached XP level 27. HP: 323/323 MP: 20/20
 95460 | Depths:3 | Received a gift from Trog
 95679 | Depths:3 | Noticed an ancient lich
 95691 | Depths:3 | Killed an ancient lich
 96058 | Depths:3 | Identified the ring of Teimpul {Fly Int+2}
 96515 | Depths:3 | Found a one-way gate to the infinite horrors of the Abyss.
 96769 | Depths:4 | Entered Level 4 of the Depths
 97365 | Depths:4 | Received a gift from Trog
 98231 | Depths:4 | Found a gate to the Realm of Zot.
 98835 | Depths:3 | Acquired a manual of Evocations
100066 | Vaults:4 | Bought a wand of roots (4) for 460 gold pieces
100066 | Vaults:4 | Bought a wand of charming (8) for 921 gold pieces
100201 | Vaults:1 | Bought a potion of ambrosia for 136 gold pieces
100201 | Vaults:1 | Bought a potion of heal wounds for 85 gold pieces
100201 | Vaults:1 | Bought a potion of haste for 170 gold pieces
100201 | Vaults:1 | Bought a potion of curing for 51 gold pieces
100201 | Vaults:1 | Bought a potion of heal wounds for 85 gold pieces
100266 | Vaults:1 | Bought 4 silver javelins for 504 gold pieces
100266 | Vaults:1 | Bought a wand of roots (4) for 134 gold pieces
100266 | Vaults:1 | Bought a scroll of fog for 56 gold pieces
100510 | Zot:1    | Entered Level 1 of the Realm of Zot
100635 | Zot:1    | Received a gift from Trog
101252 | Zot:1    | You fall into a shaft and drop 1 floor!
101271 | Zot:2    | Reached skill level 10 in Evocations
102131 | Zot:2    | Identified the +0 leather armour "Hazagg" {rPois Will+
                  | Int+2}
102180 | Zot:2    | Reached skill level 5 in Dodging
102239 | Zot:2    | Found a glowing silver altar of Zin.
102284 | Zot:2    | Identified the +3 war axe "Violeol" {holy, rElec rF- MP+9}
102321 | Zot:2    | Found a blossoming altar of Fedhas.
103598 | Zot:3    | Found a huge runed gate.
103598 | Zot:3    | Found a huge runed gate.
103831 | Zot:3    | Received a gift from Trog
104014 | Zot:3    | Found a huge runed gate.
104014 | Zot:3    | Found a huge runed gate.
104014 | Zot:3    | Found a huge runed gate.
104014 | Zot:3    | Found a huge runed gate.
104014 | Zot:3    | Found a huge runed gate.
104014 | Zot:3    | Found a huge runed gate.
104014 | Zot:3    | Found a huge runed gate.
104014 | Zot:3    | Found a huge runed gate.
104014 | Zot:3    | Found a huge runed gate.
104014 | Zot:3    | Found a huge runed gate.
104021 | Zot:3    | Found a huge runed gate.
104021 | Zot:3    | Found a huge runed gate.
104021 | Zot:3    | Found a huge runed gate.
104021 | Zot:3    | Found a huge runed gate.
104023 | Zot:3    | Found a huge runed gate.
104023 | Zot:3    | Found a huge runed gate.
104024 | Zot:3    | Found a huge runed gate.
104025 | Zot:3    | Found a huge runed gate.
104026 | Zot:3    | Found a huge runed gate.
104640 | Zot:3    | Identified the ring of Panentheism {Fly rElec}
105190 | Zot:4    | Received a gift from Trog
105871 | Zot:5    | Entered Level 5 of the Realm of Zot
105874 | Zot:5    | Reached skill level 10 in Dodging
106464 | Zot:5    | Noticed an ancient lich
106474 | Zot:5    | Killed an ancient lich
106857 | Zot:5    | Noticed an orb of fire
106863 | Zot:5    | Lost mutation: Your spells are a little harder to cast, but
                  | a little more powerful. [an orb of fire]
106872 | Zot:5    | Killed an orb of fire
106879 | Zot:5    | Received a gift from Trog
106886 | Zot:5    | Noticed an ancient lich
106888 | Zot:5    | Killed an ancient lich
107518 | Zot:5    | Noticed a dread lich
107528 | Zot:5    | Killed a dread lich
107586 | Zot:5    | Noticed an orb of fire
107597 | Zot:5    | Gained mutation: Your body sometimes deteriorates upon
                  | taking damage. [an orb of fire]
107608 | Zot:5    | Killed an orb of fire
108352 | Zot:5    | Got the Orb of Zot
108895 | D:2      | Gained mutation: You are occasionally teleported next to
                  | monsters. [a cacodemon]
108946 | D:$      | Escaped with the Orb!

Illustrated notes

Levels and vault maps discovered:
D:1:      scummos_arrival_forest, layout_basic,
          hellmonk_ecumenical_altar_crossroads
D:2:      layout_basic, dreamdust_wishing_well
D:3:      layout_loops_corners
D:4:      layout_basic, nicolae_uskayaw_dance_hall,
          minmay_hollow_rounded_squares
D:5:      layout_gridville
D:6:      layout_loops_ring, ashenzari_altar_1
D:7:      layout_loops_cross, minmay_temple_entry_arrows, minmay_manual_mares,
          uniq_crazy_yiuf_cottage
D:8:      layout_loops_ring, makhleb_altar_promises_db,
          grunt_temple_overflow_gold_and_silver, enter_bailey_5
D:9:      gammafunk_wand_slinger, layout_basic, serial_shops, kennysheep_mini,
          minmay_crystal_room
D:10:     layout_gridville, dpeg_lair_monsters
D:11:     layout_long_grid, minmay_orc_entry_guard_dogs
D:12:     layout_long_grid, uniq_sonja
D:13:     layout_loops_corners, ximxim_vaults_locker_room, uniq_snorg
D:14:     minmay_statue_hallways, layout_layer_cave, serial_bayou_pond_b
D:15:     hangedman_depths_entry_try_elsewhere_first, layout_gridville,
          hangedman_abyss_or_decor_lesser_grid, uniq_josephine
Lair:1:   layout_cave_pods, gammafunk_ghost_grave, basic_altar,
          fungi_pond_lemuel, minivault_23, lemuel_fruit_fields,
          lemuel_fruit_fields
Lair:2:   layout_long_grid, swamp_mist, minmay_snake_entry_six_corridors,
          uniq_harold
Lair:3:   layout_cellular_growth, pf_torpor_hydra
Lair:4:   beast_lair_carwin_large_1, layout_misc_corridors,
          gammafunk_ghost_ooze, lightli_volcano_entry_magma_tube,
          lemuel_fruit_tree
Lair:5:   evilmike_catoblepas_cave, layout_misc_corridors,
          nicolae_slime_entry_field_trip, serial_bayou_pond_c,
          chequers_serial_rivers_room_a, grunt_megastairs_1
Swamp:1:  layout_falls_marsh, evilmike_swamp_ruin_house_6, uniq_frances
Swamp:2:  layout_basic_swamp, hellmonk_ghost_happy_afterlife,
          nicolae_swamp_little_swirl, swamp_pool1, infiniplex_staircase_pool_2
Swamp:3:  layout_basic_swamp, serial_swamp_ruin, evilmike_swamp_ruin_rubble_1,
          evilmike_swamp_ruin_rubble_2, hangedman_swamp_ruin_hall, uniq_donald
Swamp:4:  nzn_swamp_witches_coven, layout_basic_swamp
Snake:1:  layout_grid_maze, nicolae_snake_shapes, uniq_nikola
Snake:2:  nicolae_snake_attic_fulla_snakes, layout_gridlike, special_room,
          nicolae_snake_springs, serial_bayou_shore_b
Snake:3:  layout_chambers, basic_altar, nicolae_shop_firing_range,
          nicolae_triple_integral
Snake:4:  johnstein_snake_rune_scales, layout_rooms
Slime:1:  nicolae_slime_jelly_donut, layout_caves,
          cheibrodos_slime_lost_civilization_4
Slime:2:  layout_caves
Slime:3:  layout_caves, nicolae_slime_welcoming_committee
Slime:4:  layout_caves, basic_altar
Slime:5:  slime_pit_nicolae_jellycorners
Orc:1:    layout_caves, basic_altar, nicolae_orc_bridge_out
Orc:2:    kennysheep_orc_mage_school, layout_diamond_mine
Elf:1:    nicolae_elf_arrival_fired_up, layout_loops_cross,
          ebering_ghost_rock_garden, kennysheep_underground_church, orc_legates,
          uniq_kirke
Elf:2:    nicolae_elf_blades_crystal_corner, layout_onion_city, serial_shops,
          bzr_entry_dummy, minmay_shop_grove
Elf:3:    elf_hall, layout_onion_city, serial_shops, shop,
          dreamdust_deal_with_the_devil, uniq_mara
Vaults:1: st_greater_box_1, hangedman_vaults_cutoff, nicolae_vaults_turnstiles,
          vaults_standard_mumra_enter_the_diamond, nicolae_vaults_wine_cellar,
          ontoclasm_vaults_decontamination, hangedman_vaults_cutoff,
          layout_vaults_quadrants, serial_shops, nicolae_shop_behind_doors,
          nicolae_shop_gibbet_a_chance, nicolae_shop_statue_plus,
          nicolae_shop_waterfront, nicolae_shop_statue_plus
Vaults:2: nicolae_vaults_trapezoid_2, v_pattern_1, ontoclasm_vaults_misaligned,
          hangedman_vaults_slice, hangedman_vaults_stream,
          hangedman_vaults_trim, nicolae_vaults_apartment_1,
          nicolae_vaults_specimen_jars, nicolae_vaults_octothorpe,
          nicolae_vaults_shipping_containers_4, nicolae_vaults_ninety_degrees,
          nicolae_vaults_trapezoid_layered, hangedman_vaults_river_flow,
          ontoclasm_vaults_ring_large, layout_vaults_maze, serial_shops,
          nicolae_shop_behind_doors
Vaults:3: minmay_crypt_entry_simple_round, hangedman_vaults_nodes,
          nicolae_vaults_tetromino_Z_1, nicolae_vaults_trapezoid_lopsided_1,
          st_quartered_hall, nicolae_vaults_storage_closets_1,
          nicolae_vaults_mini_display_case, nicolae_vaults_mitosis,
          nicolae_vaults_offset_grid_hallway_4, vaults_mumra_chevron,
          hangedman_vaults_maws, layout_vaults_chaotic_city, uniq_zenata
Vaults:4: vaults_mumra_minichess_inversion, v_misc_30, ontoclasm_vaults_idyll,
          nicolae_vaults_network_quinsquares
          [nicolae_vaults_network_quincunx_subvault,
          nicolae_vaults_network_quincunx_subvault,
          nicolae_vaults_network_quincunx_subvault,
          nicolae_vaults_network_quincunx_subvault],
          ontoclasm_vaults_ring_square, v_misc_25, vaults_room_door_ring,
          v_misc_4, nicolae_vaults_stairing_the_circle,
          nicolae_vaults_weapon_check, nicolae_vaults_little_squares_3,
          nicolae_vaults_diagonal_hallway_8, nicolae_vaults_tetromino_L_1,
          vaults_room_guarded_vault, vaults_dpeg_ring, layout_vaults_ring,
          serial_shops, nicolae_shop_drivethru
Vaults:5
Crypt:1:  layout_regular_city, chequers_big_river, minivault_5
Crypt:2:  layout_misc_corridors, uniq_sojobo, uniq_grunn, uniq_khufu, uniq_boris
Crypt:3:  evilmike_haunted_forest, uniq_josephina
Depths:1: nzn_winding_woodlands_cross [nzn_winding_woodlands_5x15_garden,
          nzn_winding_woodlands_5x15_eye, nzn_winding_woodlands_5x15_pockets,
          nzn_winding_woodlands_5x15_pathside_ponds,
          nzn_winding_woodlands_15x15_five_gardens], layout_cave_pools,
          enter_ziggurat_f, nzn_wu_jian_council_hall,
          gammafunk_ghost_berserking_beasts, hell_entry,
          nicolae_sif_muna_condensation
Depths:2: minmay_octagon_keep, layout_gridlike, rand_demon_pan_entry_9,
          chequers_jeans, hell_entry, minmay_parallelograms
Depths:3: lemuel_river_lethe, hell_entry, abyss_entry
Depths:4: grunt_zot_entry_funnels, layout_basic, hell_entry,
          grunt_pan_entry_in_and_out, abyss_entry
Zot:1:    layout_cellular_growth
Zot:2:    layout_gridlike, st_single_dragon_hoard_1, hangedman_feature_mirror
Zot:3:    kennysheep_six_static_rooms, layout_basic, not_door_vault_due
Zot:4:    layout_twisted_circle, grunt_megastairs_5
Zot:5:    layout_onion

Skill      XL: |  1  2  3  4  5  6  7  8  9 10 11 12 13 14 15 16 17 18 19 20 21 22 23 24 25 26 27 |
---------------+----------------------------------------------------------------------------------+-----
Fighting       | 5 6 7 8 9 11 14 15 16 17 18 19 20 22 24 26 27 | 27.0
Polearms       | 4 6 8 11 12 14 | 14.3
Stealth        | 2 |  2.0
Evocations     | 2 3 5 8 13 | 13.0
Throwing       | 6 8 10 11 13 14 15 17 18 20 21 23 24 26 | 26.1
Shields        | 3 8 10 11 13 14 15 16 18 19 21 | 21.5
Armour         | 4 5 8 10 12 16 19 21 | 21.1
Dodging        | 14 | 14.2

Action                     |  1- 3 |  4- 6 |  7- 9 | 10-12 | 13-15 | 16-18 | 19-21 | 22-24 | 25-27 || total
---------------------------+-------+-------+-------+-------+-------+-------+-------+-------+-------++-------
  Melee: Spear             |    75 |    88 |       |       |       |       |       |       |       ||   163
         Trident           |       |       |   261 |   454 |  1252 |       |       |       |       ||  1967
         Halberd           |       |       |    42 |       |       |       |       |       |       ||    42
         Punch             |       |       |     2 |     1 |       |       |       |       |       ||     3
         Glaive            |       |       |       |     4 |       |       |       |       |       ||     4
         Demon trident     |       |       |       |       |   404 |  1454 |  1426 |  1903 |  2049 ||  7236
   Fire: Sling             |    31 |    57 |   193 |   154 |    88 |       |       |       |       ||   523
  Throw: Stone             |     7 |       |       |       |       |       |       |       |       ||     7
         Boomerang         |       |       |    17 |     5 |    55 |    57 |   169 |   160 |    85 ||   548
         Dart              |       |       |       |    13 |    67 |     3 |     2 |     1 |     5 ||    91
         Javelin           |       |       |       |       |     4 |    44 |    76 |   115 |   191 ||   430
         Large rock        |       |       |       |       |       |    14 |    56 |    41 |   439 ||   550
         Throwing net      |       |       |       |       |       |       |     1 |       |     1 ||     2
 Invoke: Berserk           |       |     4 |     7 |     6 |     9 |     1 |       |     1 |       ||    28
         Trog's Hand       |       |       |       |     2 |     4 |     5 |    12 |     4 |     4 ||    31
         Brothers in Arms  |       |       |       |       |     2 |     3 |       |     3 |     4 ||    12
  Evoke: Wand              |       |       |       |     1 |     2 |    16 |     6 |     2 |    34 ||    61
         Lightning rod     |       |       |       |       |       |     2 |       |       |       ||     2
         Sack of spiders   |       |       |       |       |       |       |     1 |       |       ||     1
    Use: Scroll            |     5 |     1 |     9 |    12 |     7 |     7 |     3 |     4 |    24 ||    72
         Potion            |       |       |       |     1 |     1 |     1 |     2 |     2 |     6 ||    13
   Stab: Sleeping          |     2 |       |     1 |       |     2 |     1 |     2 |     5 |       ||    13
         Distracted        |       |       |       |       |       |       |       |     3 |     3 ||     6
         Invisible         |       |       |       |       |       |       |       |       |    13 ||    13
         Betrayed ally     |       |       |       |       |       |       |       |       |     1 ||     1
 Armour: Animal skin       |    32 |    28 |       |       |       |       |       |       |       ||    60
         Robe              |       |    17 |   231 |   140 |       |     3 |       |       |       ||   391
         Acid dragon scale |       |       |       |   156 |   745 |   602 |   659 |   564 |       ||  2726
         Shadow dragon sca |       |       |       |       |       |       |       |   154 |   150 ||   304
         Gold dragon scale |       |       |       |       |       |       |       |       |   779 ||   779
  Dodge: Dodged            |    26 |    41 |   159 |   152 |   280 |   211 |   167 |   170 |   347 ||  1553
  Block: Kite shield       |       |       |       |    96 |   451 |   402 |   445 |   874 |  1069 ||  3337
         Reflection        |       |       |       |       |       |       |    10 |    18 |    25 ||    53

Table legend: (Time is in decaauts)
 A = Elapsed time spent in this place.
 B = Non-inter-level travel time spent in this place.
 C = Inter-level travel time spent in this place.
 D = Time resting spent in this place.
 E = Time spent auto-exploring this place.
 F = Levels seen in this place.
 G = Mean time per level.
                   A        B        C        D        E       F      G
               +--------+--------+--------+--------+--------+-----+--------+
         Total | 105855 |  92903 |  12952 |  34088 |  23970 |  58 | 1825.1 |
       Dungeon |  26009 |  21402 |   4607 |   6100 |   6865 |  15 | 1733.9 |
          Lair |  15141 |  13100 |   2041 |   6742 |   2357 |   5 | 3028.2 |
         Swamp |   5852 |   5559 |    293 |   2288 |   1440 |   4 | 1463.0 |
     Snake Pit |   8126 |   7579 |    547 |   3478 |   2115 |   4 | 2031.5 |
    Slime Pits |   1815 |   1582 |    233 |    584 |    233 |   5 |  363.0 |
  Orcish Mines |   3091 |   2249 |    842 |    381 |    700 |   2 | 1545.5 |
   Elven Halls |   7841 |   6858 |    983 |   2709 |   1782 |   3 | 2613.7 |
        Vaults |  13067 |  11208 |   1859 |   4212 |   2528 |   5 | 2613.4 |
         Crypt |   6411 |   5946 |    465 |   2422 |   1211 |   3 | 2137.0 |
        Depths |   7335 |   6730 |    605 |   1439 |   2338 |   4 | 1833.8 |
           Zot |   7597 |   7124 |    473 |   1838 |   2217 |   5 | 1519.4 |
        Bazaar |    103 |    103 |      0 |      0 |     85 |   1 |  103.0 |
        Bailey |   2556 |   2556 |      0 |   1376 |     99 |   1 | 2556.0 |
       Volcano |    904 |    904 |      0 |    514 |      0 |   1 |  904.0 |
               +--------+--------+--------+--------+--------+-----+--------+

Top non-repeatable levels by time:
  Lair:4: 5391 daAuts
Vaults:1: 4200 daAuts
  Lair:5: 3273 daAuts
 Crypt:3: 3058 daAuts
 Snake:3: 2989 daAuts
   Elf:2: 2803 daAuts
    D:14: 2792 daAuts
   Elf:1: 2666 daAuts
  Lair:3: 2564 daAuts
  Bailey: 2556 daAuts
Vaults:4: 2516 daAuts
    D:10: 2479 daAuts
Vaults:2: 2390 daAuts
   Elf:3: 2371 daAuts
   Zot:5: 2367 daAuts
